 Dungeon Crawl Stone Soup version 0.19-a0-503-g45a6586 (webtiles) character file.

116 shklvsk the Charmwright (level 4, -6/33 HPs)
             Began as a Demonspawn Skald on June 5, 2016.
             Mangled by a crocodile (16 damage)
             ... in a sewer.
             The game lasted 00:06:42 (2502 turns).

shklvsk the Charmwright (Demonspawn Skald)          Turns: 2502, Time: 00:06:43

Health: -6/33      AC:  3    Str: 13    XL:     4   Next: 70%
Magic:  16/16      EV: 16    Int: 14    God:
Gold:   95         SH:  0    Dex: 17    Spells: 3 memorised, 1 level left

rFire  . . .     SeeInvis .     t - +3 quarterstaff
rCold  . . .     Gourm    .     f - +0 leather armour {rPois}
rNeg   . . .     Faith    .     (shield currently unavailable)
rPois  +         Spirit   .     (no helmet)
rElec  .         Dismiss  .     (no cloak)
rCorr  .         Reflect  .     (no gloves)
SustAt .         Harm     .     (no boots)
MR     .....                    (no amulet)
Stlth  +++.......               (no ring)
                                u - ring of magical power {MP+9}

@: agile, infused (expiring), not resistant to hostile enchantments, fairly
stealthy
A: hooves 1, powered by death 1
a: no special abilities


You were in a sewer.
You were not hungry.

You visited 1 branch of the dungeon, and saw 3 of its levels.
You also visited: Sewer.

You collected 95 gold pieces.

Inventory:

Hand Weapons
 a - a +0 hand axe
 i - a +2 vampiric dagger {!w}
   (You took it off a kobold on level 1 of the Dungeon)
 t - a +3 quarterstaff (weapon)
   (You found it on level 2 of the Dungeon)
 w - a +2 dagger of venom
   (You took it off a kobold on level 2 of the Dungeon)
Missiles
 n - 48 stones (quivered)
Armour
 b - a +0 leather armour
 f - a +0 leather armour of poison resistance (worn)
   (You found it on level 1 of the Dungeon)
Jewellery
 u - a ring of magical power (left hand) {MP+9}
   (You found it on level 2 of the Dungeon)
Scrolls
 e - a scroll of fear
Potions
 d - 2 potions of flight
 g - a potion of invisibility {unknown}
 h - a potion of mutation {unknown}
 o - a potion of degeneration {unknown}
 p - a potion of cure mutation {unknown}
 q - a potion of agility
Books
 c - a book of Battle
Comestibles
 j - 2 meat rations {@e2}
 r - a bread ration {@e1}
 s - a beef jerky


   Skills:
 - Level 2.2 Fighting
 - Level 2.0 Short Blades
 - Level 2.0 Axes
 * Level 0.1 Staves
 - Level 1.1 Armour
 - Level 1.1 Dodging
 + Level 1.3 Stealth
 - Level 2.2 Spellcasting
 * Level 1.3 Hexes
 - Level 3.1 Charms


You had one spell level left.
You knew the following spells:

 Your Spells              Type           Power        Failure   Level  Hunger
a - Infusion              Chrm           ##..         10%         1    #......
s - Shroud of Golubria    Chrm/Tloc      #.........   24%         2    ###....
z - Spectral Weapon       Hex/Chrm       #.......     38%         3    ###....


Dungeon Overview and Level Annotations

Branches:
Dungeon (3/15)

Altars:
Nemelex Xobeh


Innate Abilities, Weirdness & Mutations

You have large cloven feet.
You regenerate a little health from kills.


Message History

You sock the jackal!
You kill the jackal!
The jackal misses you.
The kobold splashes around in the water.
The jackal bites you but does no damage.
The kobold hits you.
You now have 14/16 mp.
You barely miss the jackal. Your kick misses the jackal.
The jackal barely misses you. The kobold barely misses you.
The kobold hits you. The jackal barely misses you.
The kobold splashes around in the water.
You take 1 damage, and have 30/33 hp.
You hit the jackal!
You kill the jackal!
The kobold barely misses you.
Health restored: 33 You now have 13/16 mp.
You hit the kobold. The kobold completely misses you.
The kobold barely misses you. The kobold hits you with a dagger.
The kobold closely misses you.
You take 2 damage, and have 31/33 hp.
You barely miss the kobold. Your kick misses the kobold.
The kobold barely misses you. The kobold hits you with a dagger.
The kobold closely misses you.
You hit the kobold!
You kill the kobold!
The kobold hits you but does no damage. The kobold barely misses you.
The kobold splashes around in the water.
Health restored: 33 You now have 12/16 mp.
You hit the kobold!
You kill the kobold!
You hear a splash.
The kobold splashes around in the water.
The kobold hits you but does no damage.
You now have 11/16 mp.
You closely miss the kobold.
The kobold splashes around in the water.
You sock the kobold!
You kill the kobold!
You enter the shallow water.
Moving in this stuff is going to be slow.
Your magical infusion is running out.
n - 48 stones (gained 2)
Things that are here:
a dagger; a kobold corpse; a jackal corpse You are no longer magically infusing your attacks.
q - 2 black potions (gained 1)
e - a scroll of fear
g - an amethyst potion
h - a smoky orange potion You start resting.
MP restored: 16
Okay, then.
You enter the shallow water.
Moving in this stuff is going to be slow.
You enter the shallow water.
Moving in this stuff is going to be slow.
You enter the shallow water.
Moving in this stuff is going to be slow.
You enter the shallow water.
Moving in this stuff is going to be slow.
You enter the shallow water.
Moving in this stuff is going to be slow.
A crocodile comes into view.
You begin infusing your attacks with magical energy.
The crocodile bites you!
You take 9 damage, and have 24/33 hp.
MASSIVE DAMAGE!!
You now have 15/16 mp.
You thump the crocodile! The crocodile completely misses you.
The crocodile closely misses you.
You closely miss the crocodile. Your kick misses the crocodile.
The crocodile bites you!
You take 9 damage, and have 15/33 hp.
MASSIVE DAMAGE!!
You barely miss the crocodile.
You kick the crocodile, but do no damage.
The crocodile closely misses you.
You closely miss the crocodile. The crocodile closely misses you.
You hit the crocodile! The crocodile barely misses you.
The crocodile bites you!
* * * LOW HITPOINT WARNING * * *
You take 12 damage, and have 3/33 hp.
MASSIVE DAMAGE!!
You feel better. The crocodile bites you!
* * * LOW HITPOINT WARNING * * *
You feel better. The crocodile closely misses you.
You regained 6 hp, and now have 10/33 hp.
It was a potion of agility.
You feel agile all of a sudden.
Your magical infusion is running out.
The crocodile closely misses you.
You completely miss the crocodile.
You kick the crocodile, but do no damage.
The crocodile bites you.
You take 1 damage, and have 10/33 hp.
You sock the crocodile!
You kick the crocodile, but do no damage.
The crocodile bites you!
You die...

## ##
.#?)#
#≈#.)
≈≈≈#
##...##
#t≈≈..#
##@.≈≈.#
#..≈#...#
##.≈## .#
#.≈≈#
#≈.##
#..# #..#
≈.# #..##
#..#
#.≈.#
...#


You could see a crocodile.

Vanquished Creatures
  Jessica (D:2)
  An adder (D:2)
  2 oozes
  2 worms (D:2)
  A dart slug (D:1)
  A giant cockroach (D:2)
  13 goblins
  8 hobgoblins
  2 jackals (Sewer)
  12 kobolds
  2 quokkas (D:2)
  5 bats
  5 giant newts
  6 rats
61 creatures vanquished.

Notes
Turn   | Place    | Note
--------------------------------------------------------------
     0 | D:1      | shklvsk the Demonspawn Skald began the quest for the Orb.
     0 | D:1      | Reached XP level 1. HP: 16/16 MP: 3/3
     5 | D:1      | Reached skill level 1 in Dodging
   121 | D:1      | Reached skill level 1 in Armour
   143 | D:1      | Gained mutation: You have large cloven feet. [demonic ancestry]
   143 | D:1      | Reached XP level 2. HP: 16/22 MP: 5/5
   161 | D:1      | HP: 4/22 [hobgoblin/club (4)]
   219 | D:1      | HP: 5/22 [giant newt (3)]
   504 | D:1      | Learned a level 2 spell: Shroud of Golubria
   525 | D:1      | Reached skill level 2 in Axes
   711 | D:1      | Reached XP level 3. HP: 27/27 MP: 6/6
   755 | D:1      | Reached skill level 1 in Short Blades
  1021 | D:2      | Reached skill level 3 in Charms
  1385 | D:2      | Learned a level 3 spell: Spectral Weapon
  1553 | D:2      | Noticed Jessica
  1566 | D:2      | Killed Jessica
  1566 | D:2      | Reached skill level 1 in Stealth
  1566 | D:2      | Gained mutation: You regenerate a little health from kills. [demonic ancestry]
  1566 | D:2      | Reached XP level 4. HP: 20/33 MP: 0/7
  1724 | D:2      | Reached skill level 2 in Short Blades
  1754 | D:2      | Reached skill level 1 in Hexes
  1923 | D:2      | Found a sparkling altar of Nemelex Xobeh.
  2411 | D:3      | Found a glowing drain.
  2419 | Sewer    | Entered a sewer
  2489 | Sewer    | Noticed a crocodile
  2497 | Sewer    | HP: 3/33 [crocodile (12)]
  2502 | Sewer    | Mangled by a crocodile

Vault maps used:
D:1:      dpeg_arrival_simpleton_b
D:2:      kennysheep_the_goblin_king, first_bread, nemelex_diamond_rough_becter,
          uniq_jessica
D:3:      minitemple, okawaru_altar_gauntlet_db,
          gammafunk_temple_overflow_elements, lightli_sewer_entry_pipes,
          roderic_roman_lattice
Sewer:    sewer_the_crocodile

Skill      XL: |  1  2  3  4 |
---------------+-------------+-----
Dodging        | 1 |  1.1
Armour         | 1 |  1.1
Axes           | 2 |  2.0
Short Blades   | 1 2 |  2.0
Charms         | 3 |  3.1
Stealth        | 1 |  1.3
Hexes          | 1 |  1.3
Fighting       | |  2.2
Staves         | |  0.1
Spellcasting   | |  2.2

Action                   |  1- 3 |  4- 6 || total
-------------------------+-------+-------++-------
Melee: Hand axe          |    39 |       ||    39
       Dagger            |   110 |    42 ||   152
       Kick              |    20 |    16 ||    36
       Quarterstaff      |       |    17 ||    17
 Cast: Infusion          |     7 |     5 ||    12
       Shroud of Golubri |     2 |       ||     2
  Use: Potion            |     1 |     3 ||     4
       Scroll            |       |     7 ||     7
  Eat: Bread ration      |     1 |       ||     1
       Pizza             |     1 |       ||     1
       Chunk             |     1 |     3 ||     4
Armor: Leather armour    |    50 |    21 ||    71
Dodge: Dodged            |    93 |    50 ||   143

Vault maps used:
D:1:      dpeg_arrival_simpleton_b
D:2:      kennysheep_the_goblin_king, first_bread, nemelex_diamond_rough_becter,
          uniq_jessica
D:3:      minitemple, okawaru_altar_gauntlet_db,
          gammafunk_temple_overflow_elements, lightli_sewer_entry_pipes,
          roderic_roman_lattice
Sewer:    sewer_the_crocodile

Table legend:
 A = Turns spent in this place as a percentage of turns spent in the entire game.
 B = Non-inter-level travel turns spent in this place as a percentage of non-inter-level travel turns spent in the entire game.
 C = Inter-level travel turns spent in this place as a percentage of turns spent in this place.
 D = Turns resting spent in this place as a percentage of non-inter-level travel turns spent in this place.
 E = Turns spent auto-exploring this place as a percentage of non-inter-level travel turns spent in this place.
 F = Non-inter-level travel turns spent in this place divided by the number of levels of this place that you've seen.
                   A       B       C       D       E      F
               +-------+-------+-------+-------+-------+----------------------
         Total | 100.0 | 100.0 |   0.4 |   3.4 |   7.2 | 188.5
       Dungeon |  90.9 |  90.8 |   0.4 |   3.5 |   7.9 | 228.3
         Sewer |   9.1 |   9.2 |   0.0 |   2.9 |   0.0 |  69.0
               +-------+-------+-------+-------+-------+----------------------

Table legend:
 A = Kills in this place as a percentage of kills in entire the game.
 B = Kills by you in this place as a percentage of kills by you in the entire game.
 C = Kills by friends in this place as a percentage of kills by friends in the entire game.
 D = Other kills in this place as a percentage of other kills in the entire game.
 E = Experience gained in this place as a percentage of experience gained in the entire game.
 F = Experience gained in this place divided by the number of levels of this place that you have seen.
                   A       B       C       D       E      F
               +-------+-------+-------+-------+-------+----------------------
         Total | 100.0 | 100.0 |  -nan |  -nan | 100.0 |  41.8
       Dungeon |  91.8 |  91.8 |  -nan |  -nan |  94.0 |  52.3
         Sewer |   8.2 |   8.2 |  -nan |  -nan |   6.0 |  10.0
               +-------+-------+-------+-------+-------+----------------------
